 Dungeon Crawl Stone Soup version 0.23-a0-389-g4a5eb33 (webtiles) character file.

9 iamserjio the Skirmisher (level 2, -1/20 HPs)
             Began as a Deep Elf Wanderer on Oct 29, 2018.
             Slain by a dart slug (3 damage)
             ... on level 1 of the Dungeon.
             The game lasted 00:01:57 (216 turns).

iamserjio the Skirmisher (Deep Elf Wanderer)         Turns: 216, Time: 00:01:58

Health: -1/20      AC:  2    Str:  9    XL:     2   Next: 6%
Magic:  5/5        EV: 12    Int: 14    God:
Gold:   24         SH:  0    Dex: 16    Spells: 3/3 levels left

rFire    . . .     SeeInvis .   j - +1 mace (holy)
rCold    . . .     Gourm    .   (no shield)
rNeg     . . .     Faith    .   e - +0 robe
rPois    .         Spirit   .   (no helmet)
rElec    .         Reflect  .   (no cloak)
rCorr    .         Harm     .   (no gloves)
MR       .....                  (no boots)
Stlth    ++........             (no amulet)
HPRegen  0.06/turn              (no ring)
MPRegen  0.09/turn              (no ring)

@: no status effects
A: no striking features
a: no special abilities


You were on level 1 of the Dungeon.
You were not hungry.

You visited 1 branch of the dungeon, and saw 1 of its levels.

You collected 24 gold pieces.

Inventory:

Hand Weapons
 b - a +2 blowgun
 c - a +0 short sword
 j - a +1 mace of holy wrath (weapon)
Missiles
 a - 3 curare-tipped needles {!f}
 h - 5 stones (quivered)
Armour
 e - a +0 robe (worn)
 n - a +0 buckler
Jewellery
 k - an uncursed amulet of faith
Scrolls
 d - a scroll of teleportation
 g - a scroll of random uselessness {unknown}
 l - a scroll of identify {unknown}
Potions
 i - a potion of magic {unknown}
 m - a potion of haste {unknown}
Comestibles
 f - a ration


   Skills:
 - Level 4.9 Fighting
 + Level 1.3 Short Blades
 - Level 1.0 Throwing
 * Level 1.4 Dodging
 - Level 1.2 Stealth
 + Level 1.0 Spellcasting
   Level 1.1 Evocations


You had 3 spell levels left.
You didn't know any spells.
Your spell library was empty.

Dungeon Overview and Level Annotations

Branches:
Dungeon (1/15)

Altars:


Message History

You kill the bat!
A rat comes into view.
A dart slug comes into view.
Found a buckler.
You see here a buckler.
n - a buckler You closely miss the rat.
The rat bites you.
You hit the rat.
You kill the rat!
You see here a rat corpse.
The dart slug launches a dart at you. The slug dart misses you.
You thump the dart slug! The dart slug launches a dart at you.
The slug dart hits you!
* * * LOW HITPOINT WARNING * * *
You hit the dart slug. The dart slug closely misses you.
You hit the dart slug but do no damage. You hit the dart slug.
The dart slug bites you.
You die...

#. ##. # .....
.....#####....
.............
....#......
#.#....#..
#...#.w#.#
#.....@#.#######
........†.......#
###.#...#.#####.#
# #...#.##### #
#.........#
#.##........# ##
#...........#
..##
####.#......#
...# #.#......#


You could see a dart slug.

Vanquished Creatures
  A dart slug (D:1)
  2 bats (D:1)
  A goblin (D:1)
  2 kobolds (D:1)
  2 rats (D:1)
8 creatures vanquished.

Notes
Turn   | Place    | Note
-------+----------+-------------------------------------------
     0 | D:1      | iamserjio the Deep Elf Wanderer began the quest for the
                  | Orb.
     0 | D:1      | iamserjio set off with the following items: 3 curare-tipped
                  | needles {!f}, a +2 blowgun, a +0 short sword, a scroll of
                  | teleportation, a +0 robe, a ration
     0 | D:1      | Reached XP level 1. HP: 16/16 MP: 3/3
    62 | D:1      | Reached skill level 1 in Dodging
   132 | D:1      | Reached skill level 1 in Spellcasting
   132 | D:1      | Reached XP level 2. HP: 4/20 MP: 5/5
   216 | D:1      | Slain by a dart slug

Vault maps used:
D:1:      minmay_arrival_open_corners

Skill      XL: |  1 |
---------------+----+-----
Dodging        | 1 |  1.4
Spellcasting   | 1 |  1.0
Fighting       | |  4.9
Short Blades   | |  1.3
Throwing       | |  1.0
Stealth        | |  1.2
Evocations     | |  1.1

Action                   || total
-------------------------++-------
Melee: Short sword       ||    25
       Mace              ||     8
 Fire: Blowgun           ||     1
Armor: Robe              ||     5
Dodge: Dodged            ||    25

Table legend:
 A = Non-vault XP
 B = Vault XP
 C = Vault XP percentage of total XP
 D = Non-vault monster count
 E = Vault monster count
 F = Vault count percentage of total count
                 A         B        C        D         E       F
            +---------+---------+-------+---------+---------+-------
      Total |      14 |       0 |   0.0 |       8 |       0 |   0.0
            +---------+---------+-------+---------+---------+-------
        D:1 |      14 |       0 |   0.0 |       8 |       0 |   0.0
            +---------+---------+-------+---------+---------+-------
